 Dungeon Crawl Stone Soup version 0.30-a0-305-g026cb31310 (webtiles) character file.

Game seed: 10443274682367070763

2057 garrulousMonolith the Cleaver (level 9, 0/79 HPs)
             Began as a Hill Orc Monk on Oct 22, 2022.
             Was a Follower of Beogh.
             Slain by an ice beast (12 damage)
             ... on level 8 of the Dungeon.
             The game lasted 00:10:24 (7299 turns).

garrulousMonolith the Cleaver (Hill Orc Monk)       Turns: 7299, Time: 00:10:24

Health: 0/79       AC: 15    Str: 18    XL:     9   Next: 25%
Magic:  14/14      EV:  6    Int: 10    God:    Beogh [*.....]
Gold:   321        SH:  0    Dex: 13    Spells: 8/8 levels left

rFire   . . .      SeeInvis +    a - +0 war axe
rCold   . . .      Faith    .    (no shield)
rNeg    . . .      Spirit   .    t - +0 plate armour
rPois   .          Reflect  .    J - +2 helmet
rElec   .          Harm     .    (no cloak)
rCorr   .          Rampage  .    (no gloves)
Will    .....                    (no boots)
Stlth   ..........               l - amulet of the acrobat
HPRegen 0.33/turn                u - ring of see invisible
MPRegen 0.14/turn                (no ring)

@: studying Earth Magic
A: no striking features
a: Renounce Religion


You were on level 8 of the Dungeon.
You worshipped Beogh.
Beogh was aware of your devotion.
You visited 2 branches of the dungeon, and saw 9 of its levels.
You also visited: Ossuary.

You collected 321 gold pieces.

Inventory:

Hand Weapons
 a - a +0 war axe (weapon)
 b - a +0 sling
 i - a +2 whip of pain
 y - a +0 halberd
Missiles
 d - 3 boomerangs of dispersal
 g - 14 poisoned darts
 o - 2 boomerangs
 D - 3 javelins
Armour
 t - a +0 plate armour (worn)
 F - an orb of mayhem
 J - a +2 helmet (worn)
Magical Staves
 A - a staff of fire
Jewellery
 l - an amulet of the acrobat (around neck)
 u - a ring of see invisible (left hand)
Wands
 n - a wand of digging (6)
 r - a wand of mindburst (9)
 s - a wand of roots (26)
Scrolls
 e - 2 scrolls of enchant weapon
 j - a scroll of silence
 k - 3 scrolls of amnesia
 p - a scroll of blinking
 w - 2 scrolls of teleportation
 H - 2 scrolls of identify
 I - a scroll of poison
Potions
 c - 2 potions of ambrosia
 f - 3 potions of haste
 h - 3 potions of flight
 m - a potion of curing
 q - 2 potions of magic
 v - 2 potions of cancellation
 x - a potion of might
 z - a potion of heal wounds
 B - a potion of degeneration {unknown}
 C - 2 potions of attraction
 E - a potion of brilliance {unknown}


   Skills:
 + Level 7.3 Fighting
 * Level 10.6 Axes
 + Level 5.5 Armour
 - Level 2.4 Dodging
 - Level 1.5 Stealth
 + Level 6.8 Invocations


You had 8 spell levels left.
You didn't know any spells.
Your spell library contained the following spells:

 Spells                   Type           Power      Damage    Failure   Level
 Magic Dart               Conj           0%         1d3       100%        1
 Call Imp                 Summ           0%         N/A       100%        2
 Scorch                   Fire           0%         2d5       100%        2
 Dazzling Flash           Conj/Hex       0%         N/A       100%        3
 Inner Flame              Hex/Fire       0%         N/A       100%        3
 Mephitic Cloud           Conj/Pois/Air  0%         N/A       100%        3
 Flame Wave               Conj/Fire      0%         2d4       100%        4
 Iskenderun's Mystic Bla  Conj/Tloc      0%         2d3       100%        4
 Sticky Flame             Conj/Fire      0%         2d3       100%        4
 Starburst                Conj/Fire      0%         6d3       100%        6
 Summon Cactus Giant      Summ           0%         N/A       100%        6


Dungeon Overview and Level Annotations

Branches:
Dungeon (8/15)             Temple (1/1) D:6         Ossuary (visited)
   Lair: D:8-11

Altars:
Ashenzari
Cheibriados
Dithmenos
Elyvilon
Fedhas
Gozag
Hepliaklqana
Kikubaaqudgha
Makhleb
Nemelex Xobeh
Okawaru
Qazlal
Ru
Sif Muna
Trog
Uskayaw
Wu Jian
Xom
Yredelemnul
Zin
The Shining One

Portals:
Abyss: D:7

Annotations:
D:7 2 transporters, bchevrier's ghost, novice GnWn


Message History

You start resting.
Magic restored.
There is a basalt altar of Yredelemnul here.
You open the door.
You start resting.
You hear the faint creaking of a very distant portcullis.
As you open the door, it creaks loudly!
There is an open door here.
Found a robe.
There is an escape hatch in the ceiling here.
Found 19 gold pieces.
An ice beast comes into view.
Found a runed scale mail.
You closely miss the ice beast.
The ice beast hits you but does no damage.
You closely miss the ice beast.
The ice beast hits you but does no damage.
You barely miss the ice beast. You slash the ice beast!
The ice beast is moderately wounded.
The ice beast hits you. The ice beast freezes you!
You closely miss the ice beast.
The ice beast is moderately wounded.
The ice beast hits you but does no damage.
You closely miss the ice beast.
The ice beast is moderately wounded.
The ice beast completely misses you.
You slash the ice beast!
The ice beast is almost dead.
The ice beast hits you. The ice beast freezes you!
You hit the ice beast.
The ice beast is almost dead.
The ice beast hits you. The ice beast freezes you!
* * * LOW HITPOINT WARNING * * *
You hit the ice beast.
The ice beast is almost dead.
The ice beast hits you.
* * * LOW HITPOINT WARNING * * *
The ice beast freezes you!
You die...

### . ...## .. #####$...
....^... #.....#
...[...####..@####
............Y...#.
#.#.###............
######...####...........
....##...#.....#........
.....#.....#.###[.......
.......<.....# #........
........##.### #.......#
........##..# .......


You could see an ice beast.

Vanquished Creatures
  4 yaks (D:6)
  A steam dragon (D:7)
  A water moccasin (D:6)
  An acid dragon (D:8)
  An ice beast (D:6)
  2 ogres (D:6)
  2 phantoms
  4 scorpions
  A howler monkey (D:6)
  A crimson imp (D:3)
  3 centaur zombies (Ossuary)
  A hound (D:7)
  A human zombie (Ossuary)
  An iguana (D:6)
  An orc wizard (D:5)
  2 mummies (Ossuary)
  4 gnolls (D:7)
  2 adders
  An ufetubus (D:5)
  4 adder zombies (Ossuary)
  5 worms
  4 dart slugs
  15 orcs
  4 ball pythons
  6 bats
  8 endoplasms
  2 giant cockroaches
  5 hobgoblins
  10 kobolds
  2 quokkas (D:2)
  4 frilled lizards
  4 goblins
  A goblin skeleton (D:3)
  3 goblin zombies
  8 hobgoblin zombies
  2 jackal zombies (Ossuary)
  A kobold skeleton (D:3)
  12 kobold zombies
  An orc skeleton (D:3)
  10 orc zombies (Ossuary)
  6 rats
151 creatures vanquished.

Vanquished Creatures (others)
  A sky beast (D:7)
  2 orcs (D:7)
  7 fungi (D:6)
  4 plants (D:4)
14 creatures vanquished.

Grand Total: 165 creatures vanquished

Notes
Turn   | Place    | Note
-------+----------+-------------------------------------------
     0 | D:1      | garrulousMonolith the Hill Orc Monk began the quest for the
                  | Orb.
     0 | D:1      | Reached XP level 1. HP: 19/19 MP: 1/1
   169 | D:1      | Reached XP level 2. HP: 27/27 MP: 2/2
   385 | D:1      | Reached skill level 1 in Invocations
   776 | D:1      | Reached skill level 1 in Armour
   909 | D:2      | Reached XP level 3. HP: 33/33 MP: 3/3
  1534 | D:2      | Found a stormy altar of Qazlal.
  1629 | D:2      | Reached skill level 5 in Axes
  1862 | D:3      | Found a broken altar of Ashenzari.
  1902 | D:3      | Reached XP level 4. HP: 37/39 MP: 5/5
  2011 | D:3      | Found a glowing golden altar of the Shining One.
  2583 | D:3      | Reached XP level 5. HP: 43/47 MP: 6/6
  2615 | D:3      | Found a sacrificial altar of Ru.
  2980 | D:4      | Found a blossoming altar of Fedhas.
  2990 | D:4      | Noticed a phantom
  3005 | D:4      | Killed a phantom
  3006 | D:4      | Reached skill level 6 in Axes
  3294 | D:4      | Found an iron altar of Okawaru.
  3617 | D:5      | Entered Level 5 of the Dungeon
  3753 | D:5      | Found a snail-covered altar of Cheibriados.
  3795 | D:5      | Reached XP level 6. HP: 27/55 MP: 8/8
  4689 | D:6      | Found a staircase to the Ecumenical Temple.
  4700 | D:6      | Identified the +1 plate armour "Ponolux" {rPois Str-5 SInv}
  4707 | Temple   | Entered the Ecumenical Temple
  4759 | D:6      | Noticed an ice beast
  4763 | D:6      | Reached skill level 5 in Fighting
  4782 | D:6      | Killed an ice beast
  4783 | D:6      | Reached skill level 7 in Axes
  4783 | D:6      | Reached XP level 7. HP: 31/61 MP: 8/10
  4834 | D:6      | Found a shimmering blue altar of Sif Muna.
  4844 | D:6      | Found a hazy altar of Hepliaklqana.
  4976 | D:6      | Found a sand-covered staircase.
  4980 | Ossuary  | Entered an ossuary
  5174 | Ossuary  | Reached skill level 8 in Axes
  5572 | D:6      | Reached XP level 8. HP: 62/70 MP: 11/11
  5702 | D:6      | Reached skill level 5 in Invocations
  6111 | D:7      | Found a transporter.
  6134 | D:7      | Noticed a yak
  6135 | D:7      | Noticed a yak
  6135 | D:7      | Noticed a yak
  6137 | D:7      | Noticed a yak
  6147 | D:6      | Killed a yak
  6148 | D:6      | Reached skill level 9 in Axes
  6165 | D:6      | Killed a yak
  6232 | D:6      | Killed a yak
  6247 | D:6      | Killed a yak
  6248 | D:6      | Reached skill level 5 in Armour
  6384 | D:7      | Found a transporter.
  6390 | D:7      | Noticed a toenail golem
  6441 | D:7      | Reached skill level 10 in Axes
  6441 | D:7      | Reached XP level 9. HP: 78/78 MP: 13/13
  6849 | D:7      | Became a worshipper of Beogh the Brigand
  6849 | D:7      | Reached * piety under Beogh
  6849 | D:7      | Reached ** piety under Beogh
  6934 | D:7      | Found an opulent altar of Gozag.
  7022 | D:7      | Found a one-way gate to the infinite horrors of the Abyss.
  7022 | D:7      | Noticed bchevrier's ghost (novice GnWn)
  7230 | D:8      | Found a basalt altar of Yredelemnul.
  7299 | D:8      | Slain by an ice beast

Illustrated notes

Levels and vault maps discovered:
D:1:      mainiacjoe_arrival_reflecting_pool, layout_loops_ring,
          corexii_hall_statues_i, serial_bayou_pond_c, item_on_display_b
D:2:      layout_loops_ring, basic_altar, minmay_misc_feat_hallway
D:3:      layout_basic, nicolae_ashenzari_panopticon,
          nicolae_tso_besieged_by_evil, mainiacjoe_overflow_surrounded_room
D:4:      layout_loops_ring, lemuel_crystal_altar, fedhas_altar_1
D:5:      layout_basic, kennysheep_slug_shrine
D:6:      layout_loops_ring, amethyst_overflow_temple_binary,
          minmay_temple_entry_glass, enter_ossuary_5, serial_aquarium,
          aquarium_bridge_long_joined [aquarium_subvault_wall,
          aquarium_subvault_window, aquarium_subvault_wall,
          aquarium_subvault_bridge, aquarium_subvault_bridge,
          aquarium_subvault_wall], aquarium_window_2, aquarium_window_1,
          aquarium_window_fake, aquarium_window_fake, aquarium_view_2d,
          aquarium_view_2a, minmay_manual_maat
D:7:      layout_basic, mainiacjoe_overflow_alcove_4,
          gammafunk_ghost_abyssal_escape
D:8:      layout_rooms, kennysheep_little_box, enter_bailey_4
Temple:   minmay_freezing_vapour_temple

Skill      XL: |  1  2  3  4  5  6  7  8  9 |
---------------+----------------------------+-----
Invocations    | 1 2 3 4 6 |  6.8
Armour         | 1 2 3 4 5 |  5.5
Fighting       | 4 5 6 7 |  7.3
Axes           | 5 6 7 8 10 | 10.6
Dodging        | |  2.4
Stealth        | |  1.5

Action                   |  1- 3 |  4- 6 |  7- 9 || total
-------------------------+-------+-------+-------++-------
Melee: Hand axe          |    13 |       |       ||    13
       War axe           |    18 |    72 |   206 ||   296
       Punch             |       |       |     5 ||     5
 Fire: Sling             |   122 |   176 |       ||   298
Invok: Smiting           |       |       |     1 ||     1
       Convert to Beogh  |       |       |     1 ||     1
Evoke: Wand              |       |     5 |     2 ||     7
  Use: Scroll            |     5 |     8 |     5 ||    18
       Potion            |       |       |     3 ||     3
 Stab: Sleeping          |     1 |       |       ||     1
Armor: Robe              |    18 |       |       ||    18
       Leather armour    |       |    31 |       ||    31
       Scale mail        |       |    22 |    56 ||    78
       Plate armour      |       |       |    62 ||    62
Dodge: Dodged            |    60 |   108 |   110 ||   278

Table legend: (Time is in decaauts)
 A = Elapsed time spent in this place.
 B = Non-inter-level travel time spent in this place.
 C = Inter-level travel time spent in this place.
 D = Time resting spent in this place.
 E = Time spent auto-exploring this place.
 F = Levels seen in this place.
 G = Mean time per level.
                   A        B        C        D        E       F      G
               +--------+--------+--------+--------+--------+-----+--------+
         Total |   7457 |   7241 |    216 |    698 |   4952 |  10 |  745.7 |
       Dungeon |   7038 |   6822 |    216 |    671 |   4721 |   8 |  879.8 |
        Temple |      1 |      1 |      0 |      0 |      0 |   1 |    1.0 |
       Ossuary |    417 |    417 |      0 |     27 |    231 |   1 |  417.0 |
               +--------+--------+--------+--------+--------+-----+--------+

Top non-repeatable levels by time:
     D:6: 1256 daAuts
     D:3: 1137 daAuts
     D:5: 1052 daAuts
     D:1: 951 daAuts
     D:2: 940 daAuts
     D:7: 906 daAuts
     D:4: 708 daAuts
 Ossuary: 417 daAuts
     D:8: 85 daAuts
  Temple: 1 daAuts
